 Dungeon Crawl Stone Soup version 0.31-a0-700-gf13585253f (webtiles) character file.

Game seed: 906263731104608404

81 qw the Shooter (level 4, 0/28 HPs)
             Began as a Gargoyle Hunter on Sept 7, 2023.
             Slain by a gnoll
             ... wielding a +0 whip
              (3 damage)
             ... on level 2 of the Dungeon.
             The game lasted 00:00:26 (880 turns).

qw the Shooter (Gargoyle Hunter)                     Turns: 880, Time: 00:00:27

Health: 0/28       AC:  6    Str: 14    XL:     4   Next: 42%
Magic:  4/4        EV:  8    Int: 10    God:
Gold:   132        SH:  0    Dex: 15    Spells: 3/3 levels left

rFire   . . .        Y - +0 shortbow
rCold   . . .        (shield currently unavailable)
rNeg    + . .        c - +0 leather armour
rPois   inf          (no helmet)
rElec   +            (no cloak)
rCorr   .            (no gloves)
SInv    .            (no boots)
Will    .....        (no amulet)
Stlth   ++           (no ring)
HPRegen 0.24/turn    (no ring)
MPRegen 0.09/turn

%: no passive effects
@: about to teleport, constricted
A: sickness immunity, AC +3, negative energy resistance 1, electricity
resistance, torment resistance 1, petrification resistance
a: no special abilities


You were on level 2 of the Dungeon.
You visited 1 branch of the dungeon, and saw 2 of its levels.

You collected 132 gold pieces.


Innate Abilities, Weirdness & Mutations

You are immune to sickness and miasma.
Your stone body is resilient. (AC +3)
You are immune to poison.
You resist negative energy. (rN+)
You are resistant to electric shocks. (rElec)
You are resistant to unholy torment.
You are immune to petrification.


   Skills:
 - Level 3.0 Fighting
 + Level 5.4 Ranged Weapons
 - Level 1.5 Dodging
 - Level 1.1 Stealth


You had 3 spell levels left.
You didn't know any spells.
Your spell library was empty.

Inventory:

Hand Weapons
 Y - a +0 shortbow (weapon)
Armour
 c - a +0 leather armour (worn)
Scrolls
 a - a scroll of teleportation
 e - a scroll of identify {unknown}
 f - a scroll of immolation {unknown}
Potions
 b - a potion of enlightenment {unknown}
 d - 3 potions of degeneration {unknown}

Dungeon Overview and Level Annotations

Branches:
Dungeon (2/15)

Altars:


Message History

You shoot an arrow.
The arrow hits the gnoll but does no damage.
The gnoll closely misses you.
You shoot an arrow. The arrow hits the gnoll.
The gnoll is moderately wounded.
You hear a shout!
The gnoll barely misses you.
You shoot an arrow. The arrow completely misses the gnoll.
The gnoll hits you with a +0 club.
You shoot an arrow. The arrow hits the gnoll.
The gnoll is moderately wounded.
The gnoll hits you but does no damage. The gnoll hits you with a +0 club.
You shoot an arrow. The arrow closely misses the gnoll.
A ball python comes into view.
The gnoll barely misses you.
You shoot an arrow. The arrow hits the gnoll.
The gnoll is heavily wounded.
The gnoll hits you but does no damage. The gnoll barely misses you.
You shoot an arrow. The arrow hits the gnoll.
You kill the gnoll!
The gnoll closely misses you.
You shoot an arrow. The arrow barely misses the gnoll.
The ball python barely misses you. x2; The gnoll hits you with a +0 whip.
The ball python barely misses you. The ball python misses you.
The gnoll hits you but does no damage.
878 ||| READING 2 scrolls of teleportation.
As you read the scroll of teleportation, it crumbles to dust.
You feel strangely unstable.
The ball python bites you but does no damage.
The ball python grabs you. The ball python constricts you.
The gnoll hits you with a +0 whip.
You shoot an arrow.
The arrow completely misses the ball python.
The ball python bites you but does no damage.
The ball python constricts you. The gnoll hits you but does no damage.
You shoot an arrow.
The arrow completely misses the ball python.
The ball python bites you but does no damage.
The ball python constricts you. The gnoll hits you with a +0 whip.
You die...

### # #.##.###### .#
#.##%.....##.#
#.##.........#
######.##.......#.###
..................... #
#.......%.......#..
....#####S............#.#
........@g...............
...######).##....#....#..
#)###..#.#....#..
...........)......
.........#.........
.g.##.##............. .g.
.......#####.#### g. ...
... ..). .. #.# ..##
#...).


You could see a gnoll and a ball python.

Vanquished Creatures
  3 gnolls (D:2)
  An adder (D:1)
  3 worms (D:2)
  A dart slug (D:1)
  2 bats
  3 endoplasms
  7 goblins
  A hobgoblin (D:2)
  2 jackals (D:1)
  2 ball pythons (D:2)
  4 frilled lizards (D:1)
  4 kobolds
  3 rats (D:1)
36 creatures vanquished.

Notes
Turn   | Place    | Note
-------+----------+-------------------------------------------
     0 | D:1      | qw the Gargoyle Hunter began the quest for the Orb.
     0 | D:1      | Reached XP level 1. HP: 12/12 MP: 1/1
     0 | D:1      | 0 ||| qw: Version: 0.3-a-76-g4403597
     0 | D:1      | 0 ||| qw: Game counter: 588
     0 | D:1      | 0 ||| qw: Melee chars always use a shield: true
     0 | D:1      | 0 ||| qw: God list: Okawaru
     0 | D:1      | 0 ||| qw: Allow faded altars: false
     0 | D:1      | 0 ||| qw: Do Orc after clearing Dungeon:15 true
     0 | D:1      | 0 ||| qw: Do second Lair branch before Depths: true
     0 | D:1      | 0 ||| qw: Lair rune preference: random
     0 | D:1      | 0 ||| qw: Goals: Normal
     0 | D:1      | 0 ||| PLANNING D:1-11
    45 | D:1      | Reached XP level 2. HP: 15/17 MP: 2/2
   130 | D:1      | Found a faded altar of an unknown god.
   544 | D:1      | 544 ||| READING scroll labelled XUPLIOBRUC.
   548 | D:1      | 548 ||| DROPPING scroll of butterflies.
   577 | D:2      | 577 ||| STAIRDANCE
   586 | D:1      | Reached skill level 5 in Ranged Weapons
   586 | D:1      | Reached XP level 3. HP: 14/21 MP: 3/3
   620 | D:2      | 620 ||| STAIRDANCE
   819 | D:2      | Reached skill level 3 in Fighting
   861 | D:2      | 861 ||| Stepping ~*~*~tactically~*~*~ (retreating).
   863 | D:2      | Reached XP level 4. HP: 28/28 MP: 4/4
   877 | D:2      | HP: 7/28 [gnoll/+0 whip (4)]
   878 | D:2      | 878 ||| READING 2 scrolls of teleportation.
   880 | D:2      | HP: 3/28 [constriction (1)]
   880 | D:2      | Slain by a gnoll

Levels and vault maps discovered:
D:1:      lightli_arrival_lavapool, layout_basic,
          ebering_ecumenical_altar_abandoned
D:2:      layout_basic, basic_altar

Skill      XL: |  1  2  3 |
---------------+----------+-----
Ranged Weapons | 5 |  5.4
Fighting       | 3 |  3.0
Dodging        | |  1.5
Stealth        | |  1.1

Action                     |  1- 3 |  4- 6 || total
---------------------------+-------+-------++-------
   Fire: Shortbow          |   101 |    17 ||   118
    Use: Scroll            |     1 |     1 ||     2
 Armour: Leather armour    |    22 |    16 ||    38
  Dodge: Dodged            |    19 |    11 ||    30

Table legend:
 A = Non-vault XP
 B = Vault XP
 C = Vault XP percentage of total XP
 D = Non-vault monster count
 E = Vault monster count
 F = Vault count percentage of total count
                 A         B        C        D         E       F
            +---------+---------+-------+---------+---------+-------
      Total |     117 |       0 |   0.0 |      36 |       0 |   0.0
            +---------+---------+-------+---------+---------+-------
        D:1 |      39 |       0 |   0.0 |      18 |       0 |   0.0
        D:2 |      78 |       0 |   0.0 |      18 |       0 |   0.0
            +---------+---------+-------+---------+---------+-------
